 Dungeon Crawl Stone Soup version 0.30-a0-964-gd452b5e7fa (console) character file.

Game seed: 3319670956407928280

1169 petzl the Covert (level 8, -8/63 HPs)
             Began as a Formicid Delver on Mar 30, 2023.
             Was an Initiate of Vehumet.
             Hit by a large rock thrown by a cyclops (37 damage)
             ... on level 6 of the Dungeon.
             The game lasted 00:27:01 (6664 turns).

petzl the Covert (Formicid Delver)                  Turns: 6664, Time: 00:27:02

Health: -8/63      AC:  8    Str: 17    XL:     8   Next: 68%
Magic:  14/14      EV: 11    Int: 12    God:    Vehumet [......]
Gold:   21         SH:  0    Dex: 15    Spells: 10/15 levels left

rFire   + . .      SeeInvis +    c - +2 mace (protect)
rCold   + . .      Faith    .    (no shield)
rNeg    . . .      Spirit   .    v - +2 ring mail {rPois}
rPois   +          Reflect  .    (helmet unavailable)
rElec   .          Rampage  .    (no cloak)
rCorr   .                        j - +0 pair of gloves
Will    +....                    (no boots)
Stlth   +++                      (no amulet)
HPRegen 0.30/turn                z - ring of protection from fire
MPRegen 0.14/turn                E - ring of the Sky {rC+ Will+}

@: no status effects
A: permanent stasis, dig shafts and tunnels, antennae 3, four strong arms
a: Dig, Shaft Self, Renounce Religion


You were on level 6 of the Dungeon.
You worshipped Vehumet.
Vehumet was noncommittal.
You visited 2 branches of the dungeon, and saw 7 of its levels.

You collected 313 gold pieces.
You spent 292 gold pieces at shops.

Inventory:

Hand Weapons
 a - a +0 sling
 b - a +2 dagger of venom {!f =f}
 c - a +2 mace of protection (weapon)
 d - the +6 quarterstaff of Governance {freeze, Str+4}
   (You bought it in a shop on level 3 of the Dungeon)

   Str:       It affects your strength (+4).
 B - a +1 flail of holy wrath
Missiles
 h - 40 stones
 m - a throwing net
 p - 8 poisoned darts (quivered)
Armour
 j - a +0 pair of gloves (worn)
 v - a +2 ring mail of poison resistance (worn)
Jewellery
 k - a ring of protection from fire
 z - a ring of protection from fire (left hand)
 E - the ring of the Sky (right hand) {rC+ Will+}
   (You found it on level 5 of the Dungeon)

   [ring of willpower]

   rC:        It protects you from cold.
   Will:      It increases your willpower.
Wands
 f - a wand of digging (3)
 y - a wand of quicksilver (13)
 A - a wand of flame (25)
Scrolls
 e - 2 scrolls of blinking {unknown}
 i - a scroll of noise {unknown}
 l - 3 scrolls of teleportation {unknown}
 o - a scroll of fog
 q - 3 scrolls of enchant armour
 r - 2 scrolls of poison
 w - a scroll of amnesia
 C - a scroll of fear
 F - a scroll of magic mapping
Potions
 g - 3 potions of curing
 n - a potion of heal wounds {unknown}
 s - a potion of resistance {unknown}
 t - a potion of cancellation {unknown}
 u - a potion of haste {unknown}
 x - 2 potions of lignification {unknown}
 D - a potion of brilliance {unknown}


   Skills:
 + Level 5.4 Fighting
 - Level 2.0 Maces & Flails
 + Level 3.9 Ranged Weapons
 - Level 1.7 Dodging
 + Level 8.1 Stealth
 + Level 4.4 Spellcasting
 * Level 2.1 Conjurations
 * Level 2.3 Ice Magic
 * Level 1.8 Air Magic


You had 10 spell levels left.
You knew the following spells:

 Your Spells              Type           Power      Damage    Failure   Level
l - Freezing Cloud        Conj/Ice/Air   3%         6-21      99%         5

Your spell library contained the following spells:

 Spells                   Type           Power      Damage    Failure   Level
 Apportation              Tloc           4%         N/A       36%         1
 Frozen Ramparts          Ice            16%        1d3       41%         3
 Kindle Blastsparks       Fire/Tloc/Air  8%         2d10      67%         3
 Call Canine Familiar     Summ           2%         N/A       75%         3
 Ignite Poison            Fire/Tmut/Pois 2%         N/A       75%         3
 Portal Projectile        Hex/Tloc       4%         N/A       75%         3
 Ice Form                 Ice/Tmut       5%         N/A       94%         4
 Summon Ice Beast         Ice/Summ       5%         N/A       94%         4
 Leda's Liquefaction      Hex/Erth       1%         N/A       98%         4
 Alistair's Intoxication  Tmut/Pois      1%         N/A       100%        5


Dungeon Overview and Level Annotations

Branches:
Dungeon (6/15)             Temple (1/1) D:6

Altars:
Ashenzari
Cheibriados
Dithmenos
Elyvilon
Gozag
Hepliaklqana
Kikubaaqudgha
Makhleb
Okawaru
Qazlal
Ru
Sif Muna
Trog
Uskayaw
Vehumet
Wu Jian
Xom
Zin
The Shining One

Shops:
D:1 !   D:3 (

Annotations:
D:5 Menkaure


Innate Abilities, Weirdness & Mutations

You cannot be hasted, slowed, berserked, paralysed or teleported.
You can dig through walls and to a lower floor.
You have a pair of large antennae on your head. (SInv)
Your four strong arms can wield two-handed weapons with a shield.


Message History

The water moccasin bites you but does no damage.
The adder attacks as you move away! The adder bites you but does no damage.
The water moccasin attacks as you move away!
The water moccasin closely misses you.
You feel very sick.
You sock the adder!
Your weapon exudes an aura of protection.
The adder is heavily wounded.
You feel very sick.
You feel sick.
The water moccasin attacks as you move away!
The water moccasin bites you but does no damage.
You feel sick.
You completely miss the water moccasin.
The water moccasin is lightly wounded.
You feel sick. The water moccasin bites you.
You closely miss the water moccasin.
You feel sick. The water moccasin bites you.
The water moccasin bites you but does no damage.
The adder bites you but does no damage.
The water moccasin attacks as you move away!
The water moccasin bites you but does no damage.
You feel sick.
You feel sick.
The water moccasin bites you but does no damage.
The water moccasin attacks as you move away!
The water moccasin misses you.
You feel sick.
You are no longer poisoned.
The water moccasin attacks as you move away!
The water moccasin closely misses you.
An iguana and a cyclops come into view.
The iguana moves out of view.
Are you sure you want to shaft yourself?
The cyclops shouts!
The centaur shouts!
You hear a shout!
Something shouts, "Get thee gone, thou beslubbering tardy-gaited mish-mash!"
The water moccasin barely misses you.
The centaur wields a +0 shortbow.
The centaur shoots an arrow.
The arrow barely misses you.
The cyclops throws a large rock.
The large rock hits you!!!
Ouch! That really hurt!
You die...

## .### .. .. ...###
..{.# #....##### c... #
.##...†'.### .#C .#
...##.##...### .. .. .
#..#..#......### .#.#...
..#..##...#....###.......
.....#).#...##.SS@.#
..#.##.......##.##.......
....#.....#.....# ######.
...##.#......#.##
##.#...#.#.....#
.#####....###.## ..
###...#..# #. #. ###...##
#.# .. ###.# # #.# .# #'
.. ##...## # .#
.###.#.#.##.# ##{
........... # #..#.#.# #
#....# . ## ##..)#### #
{{ #.# #.>....# ####
#..###...##.# ... #
#.....## # . ..# ##....##
.#


You could see a cyclops, a water moccasin, a centaur and an adder.

Vanquished Creatures
  2 ice beasts (D:5)
  An ogre (D:5)
  A phantom (D:6)
  2 bullfrogs
  2 scorpions (D:5)
  3 orc priests (D:4)
  A hound (D:6)
  5 jellies
  A gnoll bouda (D:5)
  An iguana (D:6)
  4 adders
  11 gnolls
  A shadow imp (D:6)
  A white imp (D:5)
  An ufetubus (D:4)
  A worm (D:3)
  2 dart slugs
  8 orcs
  3 endoplasms
  4 giant cockroaches
  5 goblins
  4 hobgoblins
  7 jackals
  8 kobolds
  2 quokkas
  10 ball pythons
  5 bats
  4 frilled lizards
  2 rats
102 creatures vanquished.

Notes
Turn   | Place    | Note
-------+----------+-------------------------------------------
     0 | D:5      | petzl the Formicid Delver began the quest for the Orb.
     0 | D:5      | Reached XP level 1. HP: 18/18 MP: 1/1
    22 | D:6      | Noticed a bullfrog
    22 | D:6      | Noticed an orc wizard
   117 | D:3      | Reached skill level 1 in Spellcasting
   271 | D:2      | Reached XP level 2. HP: 24/24 MP: 4/4
   382 | D:1      | Found a faded altar of an unknown god.
   552 | D:1      | Reached XP level 3. HP: 27/29 MP: 6/6
   632 | D:1      | Found Odakhow's Distillery.
   647 | D:1      | Bought a potion of degeneration for 10 gold pieces
   647 | D:1      | Bought a potion of curing for 30 gold pieces
  1470 | D:2      | Reached skill level 1 in Ranged Weapons
  1470 | D:2      | Reached XP level 4. HP: 33/36 MP: 7/7
  2256 | D:3      | Found Loff's Antique Weapon Emporium.
  2403 | D:4      | Found an ornate altar of the Wu Jian Council.
  2557 | D:4      | Found an iron altar of Okawaru.
  2580 | D:4      | Reached XP level 5. HP: 42/42 MP: 7/9
  3275 | D:3      | Reached XP level 6. HP: 43/46 MP: 10/10
  3433 | D:4      | Reached skill level 7 in Stealth
  4006 | D:5      | Reached XP level 7. HP: 51/55 MP: 12/12
  4254 | D:5      | Noticed Menkaure
  4318 | D:5      | Reached skill level 5 in Fighting
  4491 | D:5      | Identified the ring of the Sky {rC+ Will+}
  4607 | D:5      | Learned a level 5 spell: Freezing Cloud
  5102 | D:5      | Reached XP level 8. HP: 53/62 MP: 14/14
  5138 | D:5      | Reached skill level 1 in Ice Magic
  5156 | D:5      | Reached skill level 1 in Conjurations
  5226 | D:5      | Reached skill level 1 in Air Magic
  5420 | D:5      | Reached skill level 8 in Stealth
  5758 | D:6      | Found a white marble altar of Elyvilon.
  5805 | D:6      | Found a staircase to the Ecumenical Temple.
  5825 | Temple   | Entered the Ecumenical Temple
  6125 | Temple   | Became a worshipper of Vehumet
  6331 | D:3      | Bought a fading quarterstaff for 252 gold pieces
  6331 | D:3      | Identified the +6 quarterstaff of Governance {freeze,
                  | Str+4} (You bought it in a shop on level 3 of the Dungeon)
  6663 | D:6      | Noticed a cyclops
  6664 | D:6      | Hit by a large rock thrown by a cyclops

Illustrated notes

Levels and vault maps discovered:
D:1:      co_arrival_square_in_a_square_in_a_square, layout_basic, serial_shops,
          shop, shapermc_ecumenical_altar_gd, minmay_indecisive_spiral
D:2:      layout_basic, minmay_shallow_snake_nest
D:3:      layout_basic, serial_shops, shop
D:4:      layout_basic, nicolae_overflow_crystal_walls,
          nicolae_wu_jian_immortal_techniques
D:5:      layout_gridville, grunt_ministairs_3, uniq_menkaure
D:6:      minmay_skewed_foursquare, layout_loops_ring, amcnicky_altar_gilded,
          elyvilon_altar_3, minmay_temple_entry_offerings,
          gammafunk_ghost_smash, minmay_manual_moon
Temple:   minmay_temple_bridge_d

Skill      XL: |  1  2  3  4  5  6  7  8 |
---------------+-------------------------+-----
Spellcasting   | 1 2 3 4 |  4.4
Ranged Weapons | 1 2 3 |  3.9
Fighting       | 4 5 |  5.4
Stealth        | 7 8 |  8.1
Ice Magic      | 2 |  2.3
Conjurations   | 2 |  2.1
Air Magic      | 1 |  1.8
Maces & Flails | |  2.0
Dodging        | |  1.7

Action                     |  1- 3 |  4- 6 |  7- 9 || total
---------------------------+-------+-------+-------++-------
  Melee: Mace              |    42 |    80 |    34 ||   156
         Punch             |       |     1 |     1 ||     2
         Dagger            |       |       |   100 ||   100
         Quarterstaff      |       |       |    10 ||    10
   Fire: Sling             |    71 |    80 |    62 ||   213
  Throw: Dart              |       |     5 |     5 ||    10
Ability: Dig               |       |     3 |       ||     3
         Shaft Self        |       |       |     1 ||     1
    Use: Scroll            |     1 |       |     3 ||     4
   Stab: Sleeping          |     2 |       |       ||     2
 Armour: Leather armour    |    24 |    11 |       ||    35
         Ring mail         |       |    45 |    70 ||   115
  Dodge: Dodged            |    55 |    90 |    76 ||   221

Table legend: (Time is in decaauts)
 A = Elapsed time spent in this place.
 B = Non-inter-level travel time spent in this place.
 C = Inter-level travel time spent in this place.
 D = Time resting spent in this place.
 E = Time spent auto-exploring this place.
 F = Levels seen in this place.
 G = Mean time per level.
                   A        B        C        D        E       F      G
               +--------+--------+--------+--------+--------+-----+--------+
         Total |   6763 |   5997 |    766 |   1008 |   3160 |   7 |  966.1 |
       Dungeon |   6390 |   5772 |    618 |   1008 |   2946 |   6 | 1065.0 |
        Temple |    372 |    224 |    148 |      0 |    214 |   1 |  372.0 |
               +--------+--------+--------+--------+--------+-----+--------+

Top non-repeatable levels by time:
     D:4: 1751 daAuts
     D:5: 1536 daAuts
     D:3: 867 daAuts
     D:2: 795 daAuts
     D:1: 722 daAuts
     D:6: 718 daAuts
  Temple: 372 daAuts
